 Dungeon Crawl Stone Soup version 0.19.5 (webtiles) character file.

322 Mesmaeker13 the Vexing (level 6, -12/47 HPs)
             Began as a Human Enchanter on Apr 10, 2017.
             Was an Initiate of Okawaru.
             Killed by divine providence
             ... invoked by an orc priest
              (15 damage)
             ... on level 3 of the Dungeon.
             The game lasted 00:13:49 (4434 turns).

Mesmaeker13 the Vexing (Human Enchanter)            Turns: 4434, Time: 00:13:50

Health: -12/47     AC:  7    Str: 10    XL:     6   Next: 76%
Magic:  2/9        EV: 12    Int: 16    God:    Okawaru [......]
Gold:   186        SH:  0    Dex: 13    Spells: 3 memorised, 3 levels left

rFire  . . .     SeeInvis +     v - +0 falchion
rCold  . . .     Gourm    .     b - +1 robe
rNeg   . . .     Faith    .     (no shield)
rPois  .         Spirit   .     (no helmet)
rElec  .         Reflect  .     f - +0 cloak
rCorr  .         Harm     .     t - +2 pair of gloves
MR     .....                    (no boots)
Stlth  +.........               g - amulet of regeneration
                                (no ring)
                                j - ring of see invisible

@: confused
A: no striking features
a: Renounce Religion


You were on level 3 of the Dungeon.
You worshipped Okawaru.
Okawaru was noncommittal.
You were not hungry.

You visited 2 branches of the dungeon, and saw 6 of its levels.

You collected 186 gold pieces.

Inventory:

Hand Weapons
 v - a +0 falchion (weapon)
Armour
 b - a +1 robe (worn)
 f - a +0 cloak (worn)
 n - a +0 ring mail
 t - a +2 pair of gloves (worn)
Jewellery
 g - an amulet of regeneration (around neck)
 j - a ring of see invisible (left hand)
Wands
 o - a wand of flame (19/48)
Scrolls
 e - 2 scrolls of immolation
 h - a scroll of blinking {unknown}
 m - 2 scrolls of enchant armour
 r - a scroll of fog {unknown}
 s - a scroll of teleportation {unknown}
 w - a scroll of fear {unknown}
Potions
 k - a potion of magic
 l - 2 potions of flight
 p - a potion of brilliance
 u - a potion of haste {unknown}
 x - a potion of lignification {unknown}
Books
 c - a book of Maledictions

   Spells                             Type                      Level
   a - Corona                         Hexes                        1
   b - Ensorcelled Hibernation        Hexes/Ice                    2
   c - Confuse                        Hexes                        3
   d - Tukima's Dance                 Hexes                        3
   e - Dazzling Spray                 Conjuration/Hexes            3
Comestibles
 a - 2 chunks of flesh
 d - 4 bread rations
 i - 5 fruits
 q - a slice of pizza


   Skills:
 + Level 3.2 Fighting
   Level 1.0(1.5) Short Blades
 + Level 1.8(2.0) Long Blades
 - Level 2.0 Dodging
 - Level 3.0 Stealth
 - Level 2.0 Spellcasting
 + Level 4.8 Hexes
 - Level 2.6 Ice Magic


You had 3 spell levels left.
You knew the following spells:

 Your Spells              Type           Power        Failure   Level  Hunger
a - Corona                Hex            ###....      3%          1    #......
b - Ensorcelled Hibernat  Hex/Ice        ##....       10%         2    ###....
c - Confuse               Hex            ###.....     12%         3    ###....


Dungeon Overview and Level Annotations

Branches:
Dungeon (5/15)             Temple (1/1) D:4

Altars:
Ashenzari
Cheibriados
Dithmenos
Elyvilon
Fedhas
Gozag
Hepliaklqana
Kikubaaqudgha
Nemelex Xobeh
Okawaru
Qazlal
Ru
Sif Muna
Trog
Uskayaw
Vehumet
Xom
Yredelemnul
The Shining One

Shops:
D:5 (

Annotations:
D:3 Inarius's ghost, amateur MiFi; Jessica
D:5 Menkaure


Message History

The orc priest hits you with a hand axe.
You bump into the rock wall.
The orc wizard hits you with a dagger.
The orc priest hits you with a hand axe!
* * * LOW HITPOINT WARNING * * *
You bump into the rock wall.
The orc wizard misses you.
You hit the orc priest.
The orc priest is almost dead.
The orc priest closely misses you.
The orc wizard points at you and mumbles some strange words.
The magic dart hits you!
* * * LOW HITPOINT WARNING * * *
The orc priest hits you with a hand axe.
* * * LOW HITPOINT WARNING * * *
You bump into the rock wall.
The orc wizard hits you with a dagger.
* * * LOW HITPOINT WARNING * * *
You hit the orc priest.
The orc priest is almost dead.
The orc priest invokes the aid of Beogh against you.
Beogh smites you!
You die...

##... #.# #....
#o# .... #.# ...
#.# >. ##'##
######'##...#
.?......#...#
#.#...# ....
#@o...# ....
##o#'#######
..... #.........#
..[..##.........#
..........).....#
................#
#...............#
#...............#
#.......#..######


You could see an orc priest and an orc wizard.

Vanquished Creatures
  A howler monkey (D:4)
  2 orc wizards (D:3)
  2 worker ants
  A gnoll (D:1)
  6 adders
  A worm (D:3)
  3 dart slugs
  2 leopard geckos
  13 orcs
  3 giant cockroaches
  4 goblins
  8 hobgoblins
  15 jackals
  8 kobolds
  3 quokkas (D:2)
  2 bats
  10 frilled lizards
  A quokka skeleton (D:4)
  8 rats
93 creatures vanquished.

Vanquished Creatures (others)
  5 toadstools (D:1)
5 creatures vanquished.

Grand Total: 98 creatures vanquished

Notes
Turn   | Place    | Note
-------+----------+-------------------------------------------
     0 | D:1      | Mesmaeker13 the Human Enchanter began the quest for the Orb.
     0 | D:1      | Reached XP level 1. HP: 13/13 MP: 3/3
   349 | D:1      | Reached skill level 1 in Fighting
   349 | D:1      | Reached XP level 2. HP: 21/21 MP: 3/5
   521 | D:1      | Reached XP level 3. HP: 16/27 MP: 3/6
   902 | D:1      | Found a sparkling altar of Nemelex Xobeh.
  1001 | D:2      | Learned a level 2 spell: Ensorcelled Hibernation
  1176 | D:1      | Reached XP level 4. HP: 26/33 MP: 7/7
  1807 | D:2      | Reached skill level 1 in Ice Magic
  1810 | D:2      | Reached skill level 4 in Hexes
  1986 | D:2      | Found a glowing golden altar of the Shining One.
  2521 | D:3      | Reached XP level 5. HP: 31/39 MP: 3/8
  2776 | D:3      | Noticed Inarius's ghost (amateur MiFi)
  3404 | D:4      | Found a staircase to the Ecumenical Temple.
  3416 | D:4      | Reached XP level 6. HP: 42/46 MP: 6/9
  3418 | D:4      | Reached skill level 1 in Long Blades
  3431 | Temple   | Entered the Ecumenical Temple
  3631 | Temple   | Became a worshipper of Warmaster Okawaru
  3736 | D:3      | Noticed Jessica
  3808 | D:5      | Entered Level 5 of the Dungeon
  4022 | D:4      | Learned a level 3 spell: Confuse
  4269 | D:5      | Found Puikheol's Weapon Boutique.
  4294 | D:5      | Noticed Menkaure
  4294 | D:5      | Noticed an ice beast
  4433 | D:3      | HP: 2/47 [orc wizard/dagger (1)]
  4434 | D:3      | Killed from afar by an orc priest

Skill      XL: |  1  2  3  4  5  6 |
---------------+-------------------+-----
Fighting       | 1 2 3 |  3.2
Ice Magic      | 1 2 |  2.6
Hexes          | 4 |  4.8
Long Blades    | 1 |  1.8
Short Blades   | |  1.0
Dodging        | |  2.0
Stealth        | |  3.0
Spellcasting   | |  2.0

Action                   |  1- 3 |  4- 6 || total
-------------------------+-------+-------++-------
Melee: Dagger            |    95 |   200 ||   295
       Falchion          |       |   118 ||   118
 Cast: Corona            |    14 |    26 ||    40
       Ensorcelled Hiber |     2 |    27 ||    29
       Confuse           |       |     2 ||     2
Evoke: Wand              |       |     4 ||     4
  Use: Potion            |     3 |     3 ||     6
       Scroll            |       |     7 ||     7
 Stab: Sleeping          |     5 |    20 ||    25
  Eat: Chunk             |     1 |    14 ||    15
Armor: Robe              |    27 |   125 ||   152
Dodge: Dodged            |    73 |   289 ||   362
       Rpst.: Falchion   |       |    39 ||    39
